[Event "XXII Obert Internacional d'Escacs Sant Marti 2022"]
[Site "Barcelona, Spain"]
[Date "2022.07.18"]
[Round "6.1"]
[White "Aronyak, Ghosh"]
[Black "Diermair, Andreas"]
[Result "1/2-1/2"]
[TimeControl "1.30 fb 30"]
[WhiteElo "2486"]
[BlackElo "2452"]

1. c4 c6 2. Nc3 d5 3. d4 Nf6 4. cxd5 cxd5 5. Bf4 Nc6 6. e3 Bf5 7. Rc1 Rc8 8. Nf3 e6 9. Bb5 Nd7 10.
O-O Be7 11. Na4 O-O 12. Bxc6 Rxc6 13. Rxc6 bxc6 14. Ne5 Nxe5 15. Bxe5 f6 16. Bg3 Qa5 17. Qb3 Qa6 18. Rc1 Bd3 19.
h3 1/2-1/2

[Event "XXII Obert Internacional d'Escacs Sant Marti 2022"]
[Site "Barcelona, Spain"]
[Date "2022.07.18"]
[Round "6.2"]
[White "Berdayes Ason, Dylan Isidro"]
[Black "Pena Gomez, Manuel"]
[Result "1-0"]
[TimeControl "1.30 fb 30"]
[WhiteElo "2480"]
[BlackElo "2492"]

1. d4 Nf6 2. c4 g6 3. Nc3 Bg7 4. e4 d6 5. Be2 O-O 6. Be3 e5 7. d5 c6 8. g4 cxd5 9. cxd5 Na6 10.
h4 Nc5 11. f3 a5 12. h5 a4 13. Qd2 Qa5 14. Nh3 Bd7 15. Nf2 a3 16. b3 Rfc8 17. Ncd1 Qxd2+ 18. Kxd2 Bf8 19. Nc3 Be7 20.
Nd3 Na6 21. b4 Bd8 22. Rab1 Nc7 23. Ne1 Ba4 24. Nxa4 Rxa4 25. Nc2 Nd7 26. Rb3 b5 27. Rc3 Rb8 28. Rb1 gxh5 29. gxh5 f5 30. Rc6 Nf6 31. Bd3 Nce8 32. h6 Kf7 33. Kc3 f4 34.
Bf2 Ng8 35. Kb3 Ne7 36. Rc3 Kg6 37. Bxb5 Rxb5 38. Kxa4 Rb8 39. b5 Nc7 40. b6 Ra8+ 41. Kb4 Rb8 42. Kc4 Na6 43. b7 Nc5 44.
Bxc5 dxc5 45. Rxa3 Kf7 46. d6 Nc6 47. Ra8 Na5+ 48. Kd5 1-0

[Event "XXII Obert Internacional d'Escacs Sant Marti 2022"]
[Site "Barcelona, Spain"]
[Date "2022.07.18"]
[Round "6.3"]
[White "Asis Gargatagli, Hipolito"]
[Black "Roshka, Yevgeniy"]
[Result "1/2-1/2"]
[TimeControl "1.30 fb 30"]
[WhiteElo "2514"]
[BlackElo "2497"]

1. e4 e6 2. d4 d5 3. Nc3 Bb4 4. e5 b6 5. Qg4 Bf8 6. Nf3 Qd7 7. Bb5 c6 8. Be2 Ba6 9. O-O Ne7 10.
Rd1 Nf5 1/2-1/2

[Event "XXII Obert Internacional d'Escacs Sant Marti 2022"]
[Site "Barcelona, Spain"]
[Date "2022.07.18"]
[Round "6.4"]
[White "Kovchan, Alexander"]
[Black "D`costa, Lorin"]
[Result "1-0"]
[TimeControl "1.30 fb 30"]
[WhiteElo "2468"]
[BlackElo "2372"]

1. e4 c6 2. d4 d5 3. e5 Bf5 4. Nf3 e6 5. Be2 Ne7 6. O-O h6 7. a4 c5 8. c4 dxc4 9. dxc5 Nbc6 10.
Bxc4 Ng6 11. Be3 Qxd1 12. Rxd1 a6 13. Be2 Ngxe5 14. Nxe5 Nxe5 15. Na3 Be7 16. Bd4 Nc6 17. Bxg7 Rh7 18.
Bc3 Bxc5 19. Nc4 Ke7 20. Bf3 Rg8 21. Bxc6 bxc6 22. b4 Be4 23. bxc5 Rxg2+ 24. Kf1 Rxh2 25. Ne5 Rh3 26. Bb2 Rb3 27. Rd2 f6 28. Ng4 e5 29. Rad1 Bf5 30. Ne3 Bh3+ 31.
Ke2 Be6 32. Rh1 h5 33. Rh4 Kf7 34.
Ba1 Rb1 35. Bc3 Rb3 36. Ba5 f5 37. f4 Rg7 38. Kf2 Rg4 39. Nxg4 hxg4 40. Rh7+ Kg6 41. Re7 1-0

[Event "XXII Obert Internacional d'Escacs Sant Marti 2022"]
[Site "Barcelona, Spain"]
[Date "2022.07.18"]
[Round "6.5"]
[White "Narciso Dublan, Marc"]
[Black "Perpinya Rofes, Lluis Maria"]
[Result "1/2-1/2"]
[TimeControl "1.30 fb 30"]
[WhiteElo "2461"]
[BlackElo "2297"]

1. e4 c5 2. d3 Nc6 3. f4 g6 4. Nf3 Bg7 5. Be2 d6 6. c3 Nf6 7. O-O O-O 8. Kh1 b5 9. a3 a5 10.
Be3 Ba6 11. Nbd2 b4 12. d4 cxd4 13. cxd4 Bxe2 14. Qxe2 d5 15. e5 Ne4 16. Rfc1 Nxd2 17. Nxd2 Qb6 18. a4 e6 19. Nb3 Rfc8 20.
Qb5 Qc7 21. Rc2 Rab8 22. Qf1 Bf8 23. Rac1 Qd7 24. g4 Na7 25. f5 Rxc2 26. Rxc2 Rc8 27. Rxc8 Nxc8 28. fxe6 fxe6 29. Qa6 h5 30.
h3 hxg4 31. hxg4 Qxa4 32. Qxe6+ Kh7 33. Qxd5 Qa2 34. Qb7+ Ne7 35. Nc5 Qxb2 36. Ne6 Qb1+ 37. Bg1 Qf1 38. Nxf8+ Kg8 39. Qxe7 Qh3+ 40.
Bh2 Qf1+ 1/2-1/2

[Event "XXII Obert Internacional d'Escacs Sant Marti 2022"]
[Site "Barcelona, Spain"]
[Date "2022.07.18"]
[Round "6.7"]
[White "Fernandez Madrid, Carlos"]
[Black "Macak, Stefan"]
[Result "0-1"]
[TimeControl "1.30 fb 30"]
[WhiteElo "2124"]
[BlackElo "2363"]

1. d4 Nf6 2. g3 d5 3. Bg2 e6 4. Nf3 c6 5. O-O Nbd7 6. Bf4 Be7 7. Nbd2 O-O 8. c4 Nh5 9. Qc2 Nxf4 10.
gxf4 b6 11. Rac1 Bb7 12. f5 Bd6 13. Kh1 Re8 14. e4 dxe4 15. Nxe4 Bf4 16. fxe6 Rxe6 17. Rce1 Nf8 18. Ng3 Qc7 19.
Rxe6 Nxe6 20. Rd1 Rd8 21. Ne2 Bd6 22. Qe4 g6 23. Nc3 Nf4 24. Bf1 Qe7 25. c5 Qxe4 26. Nxe4 Bxc5 27. Nxc5 bxc5 28.
Kg1 Ne6 29. Bg2 Nxd4 30. Re1 Nxf3+ 31. Bxf3 Rd2 32. Re7 Rxb2 33. a4 c4 34. Rc7 c3 35. Be4 f5 36. Bd3 Ba6 37. Bxa6 c2 38.
Bc4+ Kh8 39. Rc8+ Kg7 40. Rc7+ Kh6 0-1

[Event "XXII Obert Internacional d'Escacs Sant Marti 2022"]
[Site "Barcelona, Spain"]
[Date "2022.07.18"]
[Round "6.8"]
[White "Bakshi, Rutuja"]
[Black "Barbero Sendic, Alejandro"]
[Result "0-1"]
[TimeControl "1.30 fb 30"]
[WhiteElo "2084"]
[BlackElo "2326"]

1. d4 Nf6 2. Nf3 g6 3. g3 Bg7 4. Bg2 O-O 5. O-O d6 6. c4 c6 7. Nc3 Bf5 8. Nh4 Be6 9. d5 cxd5 10. cxd5 Bd7 11. Qb3 Qb6 12.
Qc2 Na6 13. Be3 Qa5 14. h3 Rfc8 15. Qd2 Nc5 16. Rab1 Qb4 17. Rfc1 a5 18. a3 Qb3 19. Bxc5 Rxc5 20. e4 Rac8 21.
Nf3 Qb6 22. Qe3 Qc7 23. Re1 b5 24. Nd4 Ne8 25. f4 Bxd4 26. Qxd4 Rc4 27. Qe3 b4 28. axb4 axb4 29. Ne2 Qc5 30. Qxc5 R8xc5 31. Nc1 Rc2 32.
Nd3 R5c4 33. Bf1 Rd4 34. Re3 Nf6 35. Bg2 Bb5 36. Ne1 Rcd2 37. Bf3 Nd7 38. h4 Kg7 39. h5 Nc5 40. hxg6 hxg6 41.
g4 Bd3 42. Ra1 Bxe4 43. Bxe4 Rxe4 44. Rxe4 Nxe4 45. b3 Rb2 46. Ra4 Rxb3 47. Nc2 Rb1+ 48. Kg2 Rb2 0-1

[Event "XXII Obert Internacional d'Escacs Sant Marti 2022"]
[Site "Barcelona, Spain"]
[Date "2022.07.18"]
[Round "6.9"]
[White "Pimpalkhare, Vedant"]
[Black "Tanaka, Taira Tyler"]
[Result "1/2-1/2"]
[TimeControl "1.30 fb 30"]
[WhiteElo "2057"]
[BlackElo "2242"]

1. Nf3 d5 2. d4 Nf6 3. g3 Bg4 4. Bg2 c6 5. O-O e6 6. c4 Nbd7 7. cxd5 exd5 8. Nc3 Be7 9. Qc2 O-O 10. Ne5 Bh5 11. f4 Nxe5 12. fxe5 Nd7 13. e4 Bg6 14. Qb3 dxe4 15.
Qxb7 Nb6 16. Kh1 Bb4 17. Rd1 Bh5 18. Re1 Qxd4 19. Rxe4 Qf2 20. Rf4 Qe1+ 21. Rf1 Qxe5 22. Bf4 Qa5 23.
Qxc6 Rac8 24. Qb7 Bxc3 25. bxc3 Bg6 26. Bd6 Rfe8 27. Bb4 Qa4 28. Rf4 Qc2 29. Raf1 Qxa2 30. c4 Rxc4 31. Rxf7 Rxb4 32.
Rxg7+ Kh8 33. Re7 Rb1 34. Rxe8+ Bxe8 35. Qf3 Rxf1+ 36. Qxf1 Kg8 37. h4 Qe6 38.
Qc1 Bg6 39. Qf4 a5 40. Qb8+ Kg7 41. Qa7+ Nd7 42. Qxa5 Nf6 43. Qc7+ Bf7 44. Qc3 Qf5 45. Kh2 h6 46. Bf3 Bh5 47.
Bg2 Qf2 48. Kh1 Qe2 49. Kg1 Qd1+ 50. Kh2 Bf7 51. Bf3 Qd6 52. Qa5 Qd4 53. Qe1 h5 54. Qe2 Bd5 55. Qe7+ Kg6 56. Qe2 Bxf3 57.
Qxf3 Qe4 58. Qf1 Qc2+ 59. Kh1 Ng4 60. Qa6+ Nf6 61. Qb6 Qe2 62. Kg1 Qe1+ 63. Kg2 Kf5 64. Qc5+ Qe5 65. Qc8+ Kg6 66.
Qa6 Qe4+ 67. Kh2 Kf5 68. Qf1+ Ke5 69. Qb5+ Qd5 70. Qe2+ Kd6 71. Qa6+ Ke7 72. Qa7+ Nd7 73. Qc7 Ke6 74.
Qc8 Qd2+ 75. Kh3 Qd5 76. Qg8+ Kd6 77. Qxd5+ 1/2-1/2

[Event "XXII Obert Internacional d'Escacs Sant Marti 2022"]
[Site "Barcelona, Spain"]
[Date "2022.07.18"]
[Round "6.10"]
[White "Arpan, Das (Jr)"]
[Black "Ortiz Verdezoto, Anahi"]
[Result "1/2-1/2"]
[TimeControl "1.30 fb 30"]
[WhiteElo "2178"]
[BlackElo "2046"]

1. e4 e5 2. Nf3 Nc6 3. Bb5 a6 4. Ba4 Nf6 5. O-O Be7 6. Re1 b5 7. Bb3 d6 8. c3 O-O 9. h3 Na5 10.
Bc2 c5 11. d4 Bb7 12. d5 Nc4 13. b3 Nb6 14. a4 bxa4 15. bxa4 a5 16. Na3 Ba6 17. Be3 Nfd7 18. Nd2 c4 19.
Qg4 f5 20. exf5 Nxd5 21. Ndxc4 N7f6 22. Qf3 Rc8 23. Bb3 Kh8 24. Bd2 Rc5 25. Nb5 Bxb5 26. axb5 Rxb5 27. Qd1 Rc5 28. Qc2 Qc7 29.
Ra4 e4 30. Rea1 Qc8 31. Ne3 Nxc3 32. Bxc3 Rxc3 33. Qd1 Rd3 34. Qc2 Rc3 35. Qd1 Qb8 36. Bc4 d5 37. Nxd5 Nxd5 38. Qxd5 e3 39. fxe3 Bb4 40. Bf1 Rxe3 41.
Qd4 Re5 42. Kh1 Rexf5 43. Bd3 Rf4 44. Qe3 Qd6 45. Be2 Bc5 46. Qd3 Rxa4 47. Rxa4 Qh6 48. Rxa5 Bd6 49. Rf5 Rxf5 50. Qxf5 1/2-1/2